 Dungeon Crawl Stone Soup version 0.16.1-66-g04f09c5 (webtiles) character file.

2528 PnYMaT the Basher (level 9, -7/81 HPs)
             Began as a Minotaur Berserker on Aug 11, 2015.
             Was a High Priest of Trog.
             Killed from afar by an oklob plant (12 damage)
             ... with a splash of acid
             ... on level 7 of the Dungeon.
             The game lasted 00:40:27 (5684 turns).

PnYMaT the Basher (Minotaur Berserker)              Turns: 5684, Time: 00:40:27

Health: -7/81      AC:  1    Str: 23      XL:     9   Next: 29%
Magic:  4/4        EV:  8    Int:  4      God:    Trog [*****.]
Gold:   282        SH:  0    Dex: 11 (12) Spells: 0 memorised, 8 levels left

rFire  . . .     SeeInvis .     e - +2 flail (freeze)
rCold  . . .     Clarity  .     j - +1 plate armour
rNeg   . . .     SustAb   +     (no shield)
rPois  .         Gourm    .     (helmet restricted)
rElec  .         Spirit   .     h - +0 cloak {+Inv}
rCorr  .         Warding  .     (no gloves)
rMut   .         Stasis   .     (no boots)
MR     .....                    (no amulet)
Stlth  ..........               (no ring)
                                n - ring of sustain abilities

@: corroded equipment, not resistant to hostile enchantments, extremely
unstealthy
A: retaliatory headbutt, horns 2
a: Burn Spellbooks, Berserk, Trog's Hand, Brothers in Arms, Renounce Religion,
Evoke Invisibility


You were on level 7 of the Dungeon.
You worshipped Trog.
Trog was extremely pleased with you.
You were not hungry.

You visited 1 branch of the dungeon, and saw 7 of its levels.

You collected 282 gold pieces.

Inventory:

Hand weapons
 e - a +2 flail of freezing (weapon)
Missiles
 p - 2 javelins (quivered)
Armour
 h - a +0 cloak of invisibility (worn)
 j - a +1 plate armour (worn)
Jewellery
 n - a ring of sustain abilities (left hand)
Magical devices
 d - a wand of flame (27)
 y - a wand of slowing (10)
Scrolls
 f - 2 scrolls of fog
 g - a scroll of recharging
 i - a scroll of teleportation
 o - a scroll of blinking
 q - a scroll of fear
Potions
 a - a potion of lignification
 l - a potion of haste
 m - 3 potions of restore abilities
 r - a potion of resistance
 t - a potion of curing
 u - 2 potions of agility
 v - 2 potions of cancellation
 w - a potion of berserk rage
 A - a potion of cure mutation {unknown}
Comestibles
 c - 3 meat rations
 k - 5 bread rations
 s - a slice of pizza
 x - a royal jelly
 z - 6 beef jerkies
 B - 13 fruits


   Skills:
 + Level 8.1 Fighting
 + Level 10.0 Maces & Flails
 + Level 8.6 Armour
 + Level 4.3 Dodging
 + Level 0.5 Stealth


You had 8 spell levels left.
You didn't know any spells.

Dungeon Overview and Level Annotations

Branches:
Dungeon (7/15)             Temple (0/1) D:6

Altars:
Ashenzari
Fedhas
Vehumet

Annotations:
D:7 exclusion: oklob plant


Innate Abilities, Weirdness & Mutations

You reflexively headbutt those who attack you in melee.
You have a pair of horns on your head.


Message History

You hit the bush. You freeze the bush.
The bush is lightly damaged.
The oklob plant spits acid at you. The splash of acid hits you!
* * * LOW HITPOINT WARNING * * *
The acid corrodes your equipment!
The acid burns!
* * * LOW HITPOINT WARNING * * *
You feel much better.
You completely miss the bush.
The bush is lightly damaged.
You hit the bush. You freeze the bush. You headbutt the bush.
The bush is lightly damaged.
The oklob plant spits acid at you. The splash of acid hits you!
* * * LOW HITPOINT WARNING * * *
The acid corrodes your equipment!
The acid burns!
* * * LOW HITPOINT WARNING * * *
The oklob plant spits acid at you. The splash of acid hits you!
You die... # # # ################## # #P.#P#PP##PPPPPPP#P. #PPP.P.PPP#P.PP.#PPP ####### ###....P##PPPP#PPP.P ......# #P.@PP.PPPP#P.PPP###

#####.# #.PPPP#........PPP#P
....#.# #P#PP#P..≈≈.≈≈..PP#P
###.#.# #.P#P#..≈≈≈.≈≈≈..PPP
......# #.P#P..≈≈≈≈.≈≈≈≈..PP
###.############PP.≈≈≈≈≈.≈≈≈≈≈...
.............#..PP.≈≈≈≈...≈≈≈≈.PP
###.##########.PPP.≈≈≈≈._.≈≈≈≈.PP
###.# ###P#.≈≈≈≈...≈≈≈≈.PP


You could see an oklob plant.

Vanquished Creatures
  Pikel (D:5)
  A hippogriff (D:7)
  2 black bears (D:6)
  A slave (D:5)
  2 ogres (D:7)
  2 phantoms
  Sigmund (D:3)
  Blork the orc (D:4)
  A giant frog (D:7)
  A wyvern skeleton (D:6)
  3 wights (D:6)
  A scorpion (D:7)
  A quasit (D:7)
  A goliath beetle (D:6)
  2 crimson imps (D:5)
  2 jellies (D:6)
  4 hounds
  Crazy Yiuf (D:3)
  3 orc priests
  A centaur skeleton (D:5)
  4 orc wizards
  8 worker ants
  Ijyb (D:3)
  Terence (D:3)
  A worker ant zombie (D:6)
  4 adders
  2 shadow imps (D:5)
  2 giant mites
  3 worms
  2 adder skeletons
  An ooze (D:2)
  4 giant geckos
  15 orcs
  A ball python (D:1)
  A bat zombie (D:7)
  A giant cockroach (D:3)
  13 hobgoblins
  18 jackals
  15 kobolds
  4 quokkas
  15 bats
  10 giant newts
  14 goblins
  A quokka skeleton (D:5)
  11 rats
  2 plants (D:7)
186 creatures vanquished.

Notes
Turn   | Place    | Note
--------------------------------------------------------------
     0 | D:1      | PnYMaT, the Minotaur Berserker, began the quest for the Orb.
     0 | D:1      | Reached XP level 1. HP: 19/19 MP: 1/1
   236 | D:1      | Reached skill level 4 in Maces & Flails
   239 | D:1      | Reached XP level 2. HP: 22/27 MP: 1/1
   277 | D:1      | Acquired Trog's second power
   554 | D:2      | Reached XP level 3. HP: 25/33 MP: 2/2
  1002 | D:2      | Found a radiant altar of Vehumet.
  1222 | D:3      | Noticed Terence
  1240 | D:3      | Killed Terence
  1447 | D:3      | Noticed Ijyb
  1460 | D:3      | Killed Ijyb
  1460 | D:3      | Reached XP level 4. HP: 39/41 MP: 2/2
  1492 | D:3      | Noticed Sigmund
  1497 | D:3      | Found a shattered altar of Ashenzari.
  1528 | D:3      | Killed Sigmund
  1528 | D:3      | Reached skill level 5 in Maces & Flails
  1528 | D:3      | Reached XP level 5. HP: 30/47 MP: 2/2
  2220 | D:3      | Noticed Crazy Yiuf
  2232 | D:3      | Killed Crazy Yiuf
  2232 | D:3      | Reached skill level 5 in Fighting
  2578 | D:4      | Reached XP level 6. HP: 54/56 MP: 3/3
  2642 | D:4      | Reached skill level 6 in Maces & Flails
  2658 | D:4      | Acquired Trog's third power
  2714 | D:4      | Noticed a phantom
  2733 | D:4      | Killed a phantom
  2733 | D:4      | Reached skill level 5 in Armour
  2996 | D:4      | Noticed Blork the orc
  3008 | D:4      | Killed Blork the orc
  3106 | D:5      | Entered Level 5 of the Dungeon
  3134 | D:5      | Reached XP level 7. HP: 42/62 MP: 3/3
  3247 | D:5      | Noticed Pikel
  3262 | D:5      | Killed Pikel
  3262 | D:5      | Reached skill level 7 in Maces & Flails
  3262 | D:5      | Reached XP level 8. HP: 71/71 MP: 3/3
  3603 | D:5      | Reached skill level 8 in Maces & Flails
  4229 | D:6      | Found a staircase to the Ecumenical Temple.
  4391 | D:6      | Reached skill level 9 in Maces & Flails
  4762 | D:7      | Reached XP level 9. HP: 70/81 MP: 4/4
  5309 | D:7      | Reached skill level 10 in Maces & Flails
  5352 | D:7      | Found a blossoming altar of Fedhas.
  5647 | D:7      | Noticed an oklob plant
  5682 | D:7      | HP: 4/81 [acid (11)]
  5684 | D:7      | Killed from afar by an oklob plant

Action                   |  1- 3 |  4- 6 |  7- 9 || total
-------------------------+-------+-------+-------++-------
Melee: Mace              |    86 |   101 |    27 ||   214
       Hammer            |       |   102 |   110 ||   212
       Flail             |       |       |   129 ||   129
Invok: Berserk           |     1 |     3 |     2 ||     6
  Use: Scroll            |       |    13 |    13 ||    26
       Potion            |       |       |     1 ||     1
  Eat: Bread ration      |     1 |       |     1 ||     2
       Fruit             |       |     4 |       ||     4
       Chunk             |       |     3 |     3 ||     6
       Royal jelly       |       |       |     1 ||     1
       Pizza             |       |       |     1 ||     1
